[Event "42nd Olympiad Baku 2016 Women"]
[Site "Baku"]
[Date "2016.09.04"]
[Round "3.31"]
[White "Nepando, Jolly"]
[Black "Ben Said, Safa"]
[Result "0-1"]
[ECO "C01"]
[WhiteElo "1517"]
[BlackElo "1563"]
[Annotator ""]
[PlyCount "80"]
[EventDate "2016.??.??"]
[EventCountry "AZE"]
[SourceTitle "playchess.com"]
[Source "ChessBase"]
[WhiteTeam "Namibia"]
[BlackTeam "Tunisia"]
[WhiteTeamCountry "NAM"]
[BlackTeamCountry "TUN"]
[TimeControl "40/5400+30:1800+30"]

1. e4 {(00:00)} e6 {(00:00)} 2. d4 {(00:01)} d5 {(
00:11)} 3. exd5 {(00:33)} exd5 {(01:15)} 4. Bd3 {(00:47)}
Nc6 {(01:53)} 5. c3 {(00:54)} Bd6 {(02:32)} 6. h3 {
(01:21)} Nge7 {(01:18)} 7. Nf3 {(01:45)} Bf5 {(03:
09)} 8. Bg5 {(02:09)} Bxd3 {(03:36)} 9. Qxd3 {(00:03)} f6
{(00:29)} 10. Be3 {(01:06)} Qd7 {(01:01)} 11. g4 {(
01:31)} g5 {(02:46)} 12. Nbd2 {(02:55)} O-O-O {(02:17)}
13. O-O-O {(01:12)} h5 {(08:35)} 14. gxh5 {(16:58)} Rxh5 {
(02:34)} 15. Nb3 {(07:36)} Rxh3 {(04:41)} 16. Nfd2 {
(01:43)} Rdh8 {(03:09)} 17. Rhe1 {(01:17)} f5 {(02:
05)} 18. f3 {(03:50)} f4 {(05:01)} 19. Bf2 {(00:50)} g4 {
(06:25)} 20. Nc5 {(04:40)} Bxc5 {(04:03)} 21. dxc5 {
(00:16)} gxf3 {(10:59)} 22. b4 {(10:13)} a6 {(06:
47)} 23. a4 {(00:43)} Qf5 {(03:08)} 24. Nxf3 {(13:03)} Qh5
{(05:31)} 25. Qe2 {(10:57)} Rxf3 {(01:56)} 26. b5 {
(02:43)} Nd8 {(08:35)} 27. bxa6 {(06:22)} Nec6 {(
05:41)} 28. axb7+ {(01:54)} Nxb7 {(00:54)} 29. Qe6+ {(01:
29)} Kb8 {(00:32)} 30. Rxd5 {(01:16)} Qh7 {(01:34)} 31.
Re2 {(03:35)} Rxc3+ {(01:29)} 32. Kb2 {(00:47)} Qg7 {
(00:32)} 33. Qxc6 {(01:11)} Rxc5+ {(00:26)} 34. Kb1 {
(00:19)} Rxc6 {(00:16)} 35. Bd4 {(00:39)} Rh1+ {(
00:35)} 36. Kb2 {(00:35)} Qg8 {(00:45)} 37. Rde5 {(00:40)}
Nd8 {(01:05)} 38. Re8 {(00:22)} Qd5 {(00:40)} 39. R2e7 {
(00:43)} Rh2+ {(00:25)} 40. Ka3 {(00:00)} Ra2+ {(
00:00)} 0-1

[Event "42nd Olympiad Baku 2016 Women"]
[Site "Baku"]
[Date "2016.09.04"]
[Round "3.4"]
[White "Nguyen, Thi Thanh An"]
[Black "Tan, Zhongyi"]
[Result "1/2-1/2"]
[ECO "B07"]
[WhiteElo "2249"]
[BlackElo "2475"]
[Annotator ""]
[PlyCount "135"]
[EventDate "2016.??.??"]
[EventCountry "AZE"]
[SourceTitle "playchess.com"]
[Source "ChessBase"]
[WhiteTeam "Vietnam"]
[BlackTeam "China"]
[WhiteTeamCountry "VIE"]
[BlackTeamCountry "CHN"]
[TimeControl "40/5400+30:1800+30"]

1. e4 {(00:00)} d6 {(00:54)} 2. d4 {(00:00)} Nf6 {(
00:08)} 3. Nc3 {(00:00)} g6 {(00:05)} 4. Bg5 {(00:01)} Bg7
{(00:35)} 5. f4 {(00:11)} c6 {(02:01)} 6. Qd2 {(00:
26)} b5 {(02:37)} 7. Bd3 {(00:24)} O-O {(01:09)} 8. Nf3 {
(00:19)} Bg4 {(00:39)} 9. O-O {(00:42)} Qb6 {(00:
38)} 10. Ne2 {(04:32)} c5 {(03:19)} 11. e5 {(03:41)} d5 {
(01:52)} 12. Ng3 {(02:20)} c4 {(04:34)} 13. Be2 {(
01:14)} Ne4 {(02:21)} 14. Nxe4 {(01:49)} dxe4 {(00:05)}
15. Bxe7 {(00:24)} exf3 {(08:12)} 16. Bxf3 {(00:09)} Bxf3
{(00:23)} 17. Bxf8 {(00:08)} Bxf8 {(07:34)} 18. Rxf3 {
(00:17)} Nc6 {(00:10)} 19. c3 {(02:25)} Rd8 {(02:
13)} 20. Kh1 {(01:49)} Ne7 {(00:49)} 21. Re1 {(06:47)} Qe6
{(00:58)} 22. Qf2 {(01:29)} Rd7 {(04:26)} 23. Rg1 {
(04:40)} h5 {(04:38)} 24. h3 {(01:25)} f5 {(01:33)}
25. exf6 {(18:51)} Qxf6 {(00:10)} 26. Re1 {(00:10)} Nf5 {
(01:19)} 27. Re5 {(00:09)} h4 {(10:20)} 28. Rxb5 {(
14:08)} Bd6 {(00:11)} 29. Qe2 {(01:19)} Qf7 {(04:28)} 30.
Qf2 {(06:51)} Re7 {(08:12)} 31. Kg1 {(07:17)} Ng3 {
(07:08)} 32. Re5 {(00:48)} Bxe5 {(02:07)} 33. fxe5 {
(00:10)} Nf5 {(00:23)} 34. Qd2 {(02:25)} Kh7 {(06:
07)} 35. Qg5 {(02:07)} Rb7 {(00:49)} 36. Rf2 {(01:40)} Qd5
{(02:26)} 37. Qg4 {(03:49)} Rf7 {(00:29)} 38. Rf3 {
(01:32)} a5 {(03:01)} 39. Rf2 {(02:58)} a4 {(00:27]
} 40. a3 {(00:00)} Kh6 {(00:00)} 41. Rf3 {(02:03)} Rb7 {
(03:36)} 42. Rf2 {(02:00)} Rb6 {(00:53)} 43. Qf4+ {
(01:29)} Kh7 {(00:09)} 44. Qg4 {(01:18)} Qd8 {(08:
15)} 45. Qf4 {(05:34)} Qd5 {(02:55)} 46. Qg4 {(00:19)} Qb7
{(01:09)} 47. Qe2 {(00:39)} Qc6 {(01:57)} 48. Qg4 {
(00:51)} Qd5 {(02:10)} 49. Kh2 {(08:38)} Rb7 {(04:
58)} 50. Kg1 {(01:07)} Rf7 {(03:35)} 51. Rf3 {(02:38)} Kg7
{(01:44)} 52. Kh2 {(03:08)} Qb7 {(02:56)} 53. Rf2 {
(00:41)} Qe7 {(01:31)} 54. Kg1 {(09:00)} Kh6 {(00:
16)} 55. Qe2 {(00:51)} Qe6 {(04:38)} 56. Qe4 {(01:06)} Rd7
{(00:37)} 57. Qa8 {(01:21)} Rf7 {(01:21)} 58. Qxa4 {
(01:31)} Ne3 {(02:09)} 59. Qa8 {(00:41)} Rxf2 {(00:
29)} 60. Kxf2 {(01:04)} Nd1+ {(01:26)} 61. Ke2 {(00:35)}
Nxb2 {(00:07)} 62. Qh8+ {(00:18)} Kg5 {(00:04)} 63. Qd8+ {
(00:10)} Kh5 {(00:05)} 64. Qh8+ {(00:10)} Kg5 {(00:
05)} 65. Qd8+ {(01:37)} Kh5 {(00:05)} 66. Qh8+ {(02:52)}
Kg5 {(00:04)} 67. Qd8+ {(00:07)} Kh5 {(00:10)} 68. Qh8+
1/2-1/2

[Event "42nd Olympiad Baku 2016 Women"]
[Site "Baku"]
[Date "2016.09.04"]
[Round "3.26"]
[White "Nkhoma Desiderata"]
[Black "Domingos, Maria M"]
[Result "0-1"]
[ECO "C42"]
[WhiteElo "1375"]
[BlackElo "1689"]
[Annotator ""]
[PlyCount "82"]
[EventDate "2016.??.??"]
[EventCountry "AZE"]
[SourceTitle "playchess.com"]
[Source "ChessBase"]
[WhiteTeam "MAW"]
[BlackTeam "Angola"]
[BlackTeamCountry "ANG"]
[TimeControl "40/5400+30:1800+30"]

1. e4 {(00:00)} e5 {(00:00)} 2. Nf3 {(00:00)} Nf6 {
(00:00)} 3. Bc4 {(00:21)} Bc5 {(00:53)} 4. O-O {(
00:45)} d6 {(01:22)} 5. d3 {(00:33)} h6 {(00:13)} 6. a3 {
(03:00)} a6 {(00:50)} 7. Nc3 {(01:05)} Bg4 {(00:18]
} 8. Qe2 {(01:28)} Nc6 {(00:13)} 9. Be3 {(00:44)} O-O {
(02:58)} 10. Bxc5 {(01:05)} dxc5 {(00:24)} 11. h3 {
(01:31)} Nd4 {(00:28)} 12. Qd1 {(04:17)} Nxf3+ {(
00:43)} 13. gxf3 {(00:22)} Bxh3 {(00:03)} 14. Re1 {(01:44]
} Nh5 {(00:16)} 15. f4 {(04:10)} Nxf4 {(00:57)} 16. Qf3 {
(00:12)} h5 {(04:36)} 17. Re3 {(04:53)} Bg2 {(03:
01)} 18. Qg3 {(02:16)} h4 {(00:54)} 19. Qg4 {(01:51)} h3 {
(08:15)} 20. Kh2 {(01:53)} c6 {(03:28)} 21. Rg3 {(
00:34)} Qf6 {(02:02)} 22. Re1 {(06:26)} Rad8 {(00:44)} 23.
Ne2 {(00:51)} Rd6 {(00:53)} 24. Ng1 {(03:32)} Qh6 {
(03:21)} 25. Nf3 {(01:19)} Rg6 {(14:09)} 26. Ng5 {(
08:40)} Ne6 {(12:32)} 27. Nxf7 {(18:01)} Kxf7 {(06:39)}
28. Qf5+ {(00:23)} Rf6 {(02:08)} 29. Bxe6+ {(00:15)} Ke7 {
(01:06)} 30. Qxe5 {(02:33)} Qf4 {(13:05)} 31. Qxf4 {
(04:59)} Rxf4 {(00:02)} 32. Bxh3 {(00:23)} Bxh3 {(
01:00)} 33. Kxh3 {(00:26)} Rxf2 {(03:50)} 34. Rxg7+ {(03:
18)} Ke6 {(00:49)} 35. Rxb7 {(01:18)} Rxc2 {(01:34)} 36.
Re3 {(01:07)} Ke5 {(03:39)} 37. Rb6 {(06:39)} Kf4 {
(01:43)} 38. Rf3+ {(09:40)} Kxf3 {(00:19)} 39. Kh4 {
(00:07)} Rh2+ {(00:13)} 40. Kg5 {(00:00)} Rg2+ {(
00:00)} 41. Kh6 {(01:27)} Rh8# {(00:17)} 0-1

[Event "42nd Olympiad Baku 2016 Women"]
[Site "Baku"]
[Date "2016.09.04"]
[Round "3.5"]
[White "Nomin-Erdene, Davaademberel"]
[Black "Richards, Deborah"]
[Result "1/2-1/2"]
[ECO "B33"]
[WhiteElo "2422"]
[BlackElo "2023"]
[Annotator ""]
[PlyCount "93"]
[EventDate "2016.??.??"]
[EventCountry "AZE"]
[SourceTitle "playchess.com"]
[Source "ChessBase"]
[WhiteTeam "Mongolia"]
[BlackTeam "Jamaica"]
[WhiteTeamCountry "MGL"]
[BlackTeamCountry "JAM"]
[TimeControl "40/5400+30:1800+30"]

1. e4 {(00:00)} c5 {(00:00)} 2. Nf3 {(00:00)} e6 {(
00:01)} 3. d4 {(00:00)} cxd4 {(00:02)} 4. Nxd4 {(00:04)}
Nf6 {(00:06)} 5. Nc3 {(00:40)} Nc6 {(00:38)} 6. Ndb5 {
(00:26)} d6 {(00:25)} 7. Bf4 {(00:13)} e5 {(00:27)}
8. Bg5 {(00:05)} a6 {(00:29)} 9. Na3 {(00:24)} b5 {
(04:50)} 10. Nd5 {(01:10)} Be6 {(04:31)} 11. Bxf6 {
(09:58)} gxf6 {(00:17)} 12. g3 {(06:29)} Bxd5 {(23:
05)} 13. Qxd5 {(06:15)} Rc8 {(13:26)} 14. c3 {(02:22)} Qb6
{(10:48)} 15. Nc2 {(05:07)} Rd8 {(13:54)} 16. a4 {(
12:46)} Bh6 {(17:12)} 17. axb5 {(10:52)} Ne7 {(02:24)} 18.
Qd3 {(02:22)} d5 {(04:48)} 19. Rxa6 {(08:27)} Qc5 {
(00:54)} 20. Ne3 {(04:30)} dxe4 {(00:54)} 21. Qxe4 {
(01:51)} Bxe3 {(00:41)} 22. fxe3 {(00:38)} f5 {(00:
30)} 23. Qf3 {(02:39)} e4 {(00:36)} 24. Qe2 {(05:10)} Rd3
{(00:22)} 25. Kf2 {(01:47)} Nd5 {(00:32)} 26. Rc6 {
(00:09)} Qa7 {(00:31)} 27. b6 {(00:34)} Qb7 {(00:
18)} 28. Rc4 {(01:25)} Rxe3 {(00:33)} 29. Qd2 {(02:39)}
O-O {(00:38)} 30. Be2 {(01:03)} Qxb6 {(00:32)} 31. Qxd5 {
(03:35)} Rf3+ {(00:23)} 32. Ke1 {(00:36)} Rd8 {(00:
17)} 33. Qc5 {(07:10)} Qxb2 {(00:14)} 34. Bxf3 {(02:59)}
Qd2+ {(00:21)} 35. Kf1 {(00:06)} exf3 {(00:11)} 36. Qf2 {
(01:06)} Qd3+ {(00:13)} 37. Kg1 {(00:17)} Qxc4 {(
01:29)} 38. Qxf3 {(00:18)} Rd2 {(00:32)} 39. Qe3 {(02:42)}
Qd5 {(00:47)} 40. Qg5+ {(00:00)} Kf8 {(00:00)} 41. Qh6+ {
(01:27)} Ke8 {(00:59)} 42. Qe3+ {(00:35)} Kd7 {(06:
31)} 43. Qa7+ {(01:53)} Kd8 {(02:52)} 44. Qb6+ {(01:02)}
Ke8 {(01:13)} 45. Qe3+ {(00:16)} Kf8 {(00:35)} 46. Qh6+ {
(00:10)} Ke7 {(01:17)} 47. Qe3+ {(00:14)} 1/2-1/2

[Event "42nd Olympiad Baku 2016 Women"]
[Site "Baku"]
[Date "2016.09.04"]
[Round "3.6"]
[White "Nouman, Amna"]
[Black "Ovezdurdiyeva, Jemal"]
[Result "1-0"]
[ECO "B22"]
[WhiteElo "1983"]
[BlackElo "2031"]
[Annotator ""]
[PlyCount "54"]
[EventDate "2016.??.??"]
[EventCountry "AZE"]
[SourceTitle "playchess.com"]
[Source "ChessBase"]
[WhiteTeam "United Arab Emirates"]
[BlackTeam "Turkmenistan"]
[WhiteTeamCountry "UAE"]
[BlackTeamCountry "TKM"]
[TimeControl "40/5400+30:1800+30"]

1. e4 {(00:00)} c5 {(00:00)} 2. c3 {(00:00)} d5 {(
00:00)} 3. exd5 {(00:00)} Qxd5 {(00:00)} 4. d4 {(00:00)}
Nf6 {(00:00)} 5. Nf3 {(00:02)} Bg4 {(00:01)} 6. Nbd2 {
(00:53)} cxd4 {(04:02)} 7. Bc4 {(04:05)} Qd7 {(10:
22)} 8. Ne5 {(09:52)} Bxd1 {(06:06)} 9. Bxf7+ {(00:26)}
Kd8 {(00:07)} 10. Nxd7 {(00:23)} Nbxd7 {(02:41)} 11. Kxd1
{(00:33)} Ne5 {(02:58)} 12. Bb3 {(10:22)} dxc3 {(
15:38)} 13. bxc3 {(02:14)} Nd3 {(04:24)} 14. Ke2 {(03:27)}
Nc5 {(10:58)} 15. Bc2 {(05:47)} e6 {(02:11)} 16. Bb2 {
(14:35)} Kc7 {(04:06)} 17. Nf3 {(15:18)} Nd5 {(06:
22)} 18. Rhd1 {(04:06)} Bd6 {(10:31)} 19. Rac1 {(03:22)}
Rad8 {(02:52)} 20. g3 {(01:54)} Rd7 {(03:48)} 21. Nd4 {
(07:04)} Be7 {(07:52)} 22. c4 {(04:49)} Nf6 {(01:
32)} 23. Nb5+ {(01:33)} Kb6 {(01:03)} 24. Rxd7 {(06:22)}
Ncxd7 {(00:13)} 25. Nd4 {(00:31)} Nc5 {(03:54)} 26. Rb1 {
(02:05)} Ka6 {(00:30)} 27. f3 {(01:20)} b6 1-0

[Event "42nd Olympiad Baku 2016 Women"]
[Site "Baku"]
[Date "2016.09.04"]
[Round "3.22"]
[White "O`Gorman, Alice"]
[Black "Mezioud, Amina"]
[Result "0-1"]
[ECO "B43"]
[WhiteElo "1781"]
[BlackElo "2043"]
[Annotator ""]
[PlyCount "68"]
[EventDate "2016.??.??"]
[EventCountry "AZE"]
[SourceTitle "playchess.com"]
[Source "ChessBase"]
[WhiteTeam "Ireland"]
[BlackTeam "Algeria"]
[WhiteTeamCountry "IRL"]
[BlackTeamCountry "ALG"]
[TimeControl "40/5400+30:1800+30"]

1. e4 {(00:00)} c5 {(00:19)} 2. Nf3 {(00:00)} e6 {(
00:07)} 3. d4 {(00:00)} cxd4 {(00:07)} 4. Nxd4 {(00:04)}
a6 {(00:07)} 5. Nc3 {(01:58)} Qc7 {(00:39)} 6. a3 {
(04:38)} Nf6 {(01:14)} 7. Be2 {(02:53)} b5 {(01:01]
} 8. O-O {(04:57)} Bb7 {(00:37)} 9. Bf3 {(02:01)} d6 {
(02:19)} 10. Re1 {(02:53)} Nbd7 {(01:02)} 11. Nb3 {
(04:11)} Ne5 {(01:40)} 12. Bf4 {(01:43)} Nc4 {(04:
16)} 13. Bc1 {(06:02)} Be7 {(03:08)} 14. Nd2 {(01:42)} Ne5
{(03:10)} 15. h3 {(03:34)} O-O {(00:36)} 16. Qe2 {(
03:29)} Rac8 {(02:40)} 17. g3 {(04:45)} d5 {(03:05)} 18.
exd5 {(05:21)} Nxf3+ {(00:08)} 19. Nxf3 {(01:15)} Nxd5 {
(00:50)} 20. Nxd5 {(01:29)} Bxd5 {(00:08)} 21. c3 {
(04:13)} Qb7 {(00:45)} 22. Nd4 {(03:18)} Bc5 {(02:
18)} 23. Kh2 {(03:11)} Bc4 {(13:38)} 24. Qg4 {(03:44)} f5
{(06:18)} 25. Qg5 {(06:07)} e5 {(04:37)} 26. b4 {(
09:00)} Be7 {(05:15)} 27. Qe3 {(00:37)} exd4 {(00:06)} 28.
Qxe7 {(00:17)} Qf3 {(03:23)} 29. Rg1 {(07:52)} Bd5 {
(00:21)} 30. Qe1 {(01:34)} Rfe8 {(01:10)} 31. Qf1 {
(02:08)} Re2 {(00:19)} 32. Be3 {(02:34)} dxe3 {(00:
25)} 33. Rg2 {(00:16)} Qxg2+ {(00:22)} 34. Qxg2 {(00:11)}
Bxg2 {(00:06)} 0-1

[Event "42nd Olympiad Baku 2016 Women"]
[Site "Baku"]
[Date "2016.09.04"]
[Round "3.32"]
[White "Odinaeva, Saodat"]
[Black "Garcia Morales, Ivette Ale"]
[Result "1-0"]
[ECO "A46"]
[WhiteElo "1881"]
[BlackElo "2006"]
[Annotator ""]
[PlyCount "97"]
[EventDate "2016.??.??"]
[EventCountry "AZE"]
[SourceTitle "playchess.com"]
[Source "ChessBase"]
[WhiteTeam "Tajikistan"]
[BlackTeam "Mexico"]
[WhiteTeamCountry "TJK"]
[BlackTeamCountry "MEX"]
[TimeControl "40/5400+30:1800+30"]

1. Nf3 {(00:00)} e6 {(00:00)} 2. d4 {(00:00)} Nf6 {
(00:00)} 3. Bg5 {(00:00)} d5 {(01:29)} 4. Nbd2 {(
01:04)} Be7 {(00:26)} 5. e3 {(00:40)} Nbd7 {(02:45)} 6.
Bd3 {(00:24)} c5 {(01:17)} 7. c4 {(00:35)} cxd4 {(
04:25)} 8. exd4 {(06:32)} O-O {(01:18)} 9. O-O {(01:13)}
dxc4 {(04:04)} 10. Nxc4 {(02:35)} Nd5 {(00:38)} 11. Be3 {
(01:27)} b6 {(01:05)} 12. Rc1 {(01:17)} Bb7 {(00:
18)} 13. Bb1 {(00:22)} N7f6 {(02:22)} 14. a3 {(00:45)} Rc8
{(04:44)} 15. Nfe5 {(01:16)} b5 {(08:51)} 16. Nd2 {
(00:31)} Rxc1 {(00:17)} 17. Qxc1 {(00:29)} Qa8 {(
03:55)} 18. Ndf3 {(02:06)} Nb6 {(09:35)} 19. Bg5 {(03:16)}
Nc4 {(19:29)} 20. Qf4 {(10:03)} Nb6 {(10:22)} 21. Qh4 {
(07:22)} h6 {(08:12)} 22. Bxh6 {(06:08)} gxh6 {(00:
45)} 23. Qxh6 {(00:45)} Ne4 {(05:03)} 24. Re1 {(01:38)}
Nc4 {(03:57)} 25. Ng6 {(04:06)} Bf6 {(04:27)} 26. Nxf8 {
(05:53)} Qxf8 {(01:50)} 27. Qxf8+ {(00:02)} Kxf8 {(
00:04)} 28. Bxe4 {(00:08)} Bxe4 {(00:04)} 29. Rxe4 {(00:
04)} Nxb2 {(00:04)} 30. Ne5 {(00:44)} Be7 {(01:27)} 31.
Rf4 {(04:09)} f5 {(01:22)} 32. Ng6+ {(02:00)} Ke8 {
(00:25)} 33. Nxe7 {(00:05)} Kxe7 {(00:03)} 34. h4 {
(00:42)} Kf6 {(01:05)} 35. Rf3 {(00:25)} Kg6 {(00:
35)} 36. Rb3 {(00:40)} Nc4 {(00:09)} 37. Rxb5 {(00:48)}
Nxa3 {(00:56)} 38. Ra5 {(00:01)} Nc2 {(00:01)} 39. d5 {
(00:32)} exd5 {(00:28)} 40. Rxd5 {(00:00)} Nb4 {(
00:00)} 41. Ra5 {(01:26)} a6 {(02:23)} 42. Ra4 {(00:02)}
Nd3 {(00:57)} 43. Rxa6+ {(01:56)} Kh5 {(00:01)} 44. Rd6 {
(00:55)} Nf4 {(00:52)} 45. g3 {(01:01)} Ne2+ {(01:
22)} 46. Kg2 {(01:39)} Nc3 {(03:24)} 47. Rf6 {(01:36)} Kg4
{(04:45)} 48. f3+ {(01:55)} Kh5 {(00:05)} 49. Rxf5+ {
(00:07)} 1-0

[Event "42nd Olympiad Baku 2016 Women"]
[Site "Baku"]
[Date "2016.09.04"]
[Round "3.23"]
[White "Olde, Margareth"]
[Black "Khotenashvili, Bela"]
[Result "0-1"]
[ECO "A10"]
[WhiteElo "2003"]
[BlackElo "2463"]
[Annotator ""]
[PlyCount "68"]
[EventDate "2016.??.??"]
[EventCountry "AZE"]
[SourceTitle "playchess.com"]
[Source "ChessBase"]
[WhiteTeam "Estonia"]
[BlackTeam "Georgia"]
[WhiteTeamCountry "EST"]
[BlackTeamCountry "GEO"]
[TimeControl "40/5400+30:1800+30"]

1. c4 {(00:00)} g6 {(00:00)} 2. g3 {(00:00)} Bg7 {(
00:00)} 3. Bg2 {(00:00)} e5 {(00:11)} 4. Nc3 {(00:00)} d6
{(00:31)} 5. Nf3 {(00:12)} Nf6 {(00:18)} 6. d3 {(
00:11)} O-O {(00:16)} 7. O-O {(00:09)} Re8 {(00:21)} 8.
Rb1 {(01:40)} c6 {(00:43)} 9. b4 {(04:47)} d5 {(00:
11)} 10. cxd5 {(02:32)} cxd5 {(00:06)} 11. Bb2 {(05:23)}
Nc6 {(03:45)} 12. b5 {(05:39)} Na5 {(00:58)} 13. a4 {
(06:53)} d4 {(07:15)} 14. Ne4 {(04:53)} Nxe4 {(18:
29)} 15. dxe4 {(00:07)} Nc4 {(05:17)} 16. Qd3 {(08:10)}
Be6 {(03:54)} 17. Bc1 {(08:44)} Nd6 {(04:06)} 18. Ba3 {
(10:04)} Rc8 {(14:45)} 19. Bxd6 {(01:09)} Qxd6 {(
04:12)} 20. Rfc1 {(03:57)} Bh6 {(03:57)} 21. e3 {(11:59)}
Rxc1+ {(00:49)} 22. Rxc1 {(00:02)} Qb6 {(04:28)} 23. Nxe5
{(01:59)} dxe3 {(00:22)} 24. f4 {(00:40)} e2+ {(11:
28)} 25. Kh1 {(00:06)} Qf2 {(00:04)} 26. Qd2 {(04:54)} Bf8
{(01:14)} 27. Qe1 {(07:27)} Qxe1+ {(04:05)} 28. Rxe1 {
(00:01)} f6 {(00:57)} 29. Nf3 {(05:21)} Bc4 {(00:
17)} 30. e5 {(00:54)} Bb4 {(03:47)} 31. exf6 {(02:17)} Bd5
{(01:36)} 32. f7+ {(00:24)} Bxf7 {(03:22)} 33. Rg1 {
(03:29)} b6 {(01:41)} 34. Ne1 {(01:44)} Bc5 {(00:
40)} 0-1

[Event "42nd Olympiad Baku 2016 Women"]
[Site "Baku"]
[Date "2016.09.04"]
[Round "3.20"]
[White "Ortez, Andrea"]
[Black "Molina, Jessica"]
[Result "0-1"]
[ECO "B34"]
[WhiteElo "1756"]
[BlackElo "1883"]
[Annotator ""]
[PlyCount "68"]
[EventDate "2016.??.??"]
[EventCountry "AZE"]
[SourceTitle "playchess.com"]
[Source "ChessBase"]
[WhiteTeam "El Salvador"]
[BlackTeam "Bolivia"]
[WhiteTeamCountry "ESA"]
[BlackTeamCountry "BOL"]
[TimeControl "40/5400+30:1800+30"]

1. e4 {(00:00)} c5 {(00:05)} 2. Nf3 {(00:00)} Nc6 {
(00:12)} 3. d4 {(00:31)} cxd4 {(00:09)} 4. Nxd4 {(
00:33)} g6 {(00:35)} 5. Nc3 {(00:59)} Bg7 {(00:54)} 6.
Nde2 {(01:04)} d6 {(01:37)} 7. g3 {(01:10)} Bg4 {(
07:40)} 8. Bg2 {(08:38)} Nd4 {(03:07)} 9. Qd3 {(01:20)}
Nxe2 {(06:58)} 10. Nxe2 {(00:09)} Rb8 {(09:51)} 11. h3 {
(05:12)} Bd7 {(00:42)} 12. O-O {(01:39)} Nf6 {(02:
05)} 13. Rd1 {(02:53)} O-O {(04:21)} 14. f4 {(03:35)} Qc8
{(16:38)} 15. e5 {(17:04)} Bf5 {(06:50)} 16. Qe3 {(
03:39)} dxe5 {(02:58)} 17. fxe5 {(15:35)} Nd7 {(02:08)}
18. Nd4 {(04:25)} Nxe5 {(02:35)} 19. Nxf5 {(04:23)} Qxf5 {
(00:21)} 20. c3 {(02:44)} b6 {(01:44)} 21. Rf1 {(
02:56)} Qd3 {(02:15)} 22. Qf2 {(01:14)} Rbd8 {(09:11)} 23.
Bf4 {(02:24)} Qb5 {(02:26)} 24. Bxe5 {(05:31)} Qxe5 {
(00:49)} 25. Rae1 {(00:57)} Qc7 {(02:21)} 26. Re3 {
(04:01)} Bh6 {(02:35)} 27. Re2 {(01:11)} Rd3 {(02:
09)} 28. Kh2 {(01:35)} e6 {(01:32)} 29. Be4 {(01:24)} Rd7
{(01:58)} 30. h4 {(02:03)} f5 {(03:30)} 31. Bf3 {(
02:39)} e5 {(00:26)} 32. Kh1 {(02:41)} e4 {(01:04)} 33.
Bg2 {(00:00)} Rd3 {(01:07)} 34. Kh2 {(01:49)} f4 {(
01:23)} 0-1

[Event "42nd Olympiad Baku 2016 Women"]
[Site "Baku"]
[Date "2016.09.04"]
[Round "3.2"]
[White "Ortiz, Katherine Berenice"]
[Black "Alkaseir, Roaa"]
[Result "0-1"]
[ECO "B91"]
[WhiteElo "1857"]
[BlackElo "1674"]
[Annotator ""]
[PlyCount "107"]
[EventDate "2016.??.??"]
[EventCountry "AZE"]
[SourceTitle "playchess.com"]
[Source "ChessBase"]
[WhiteTeam "Honduras"]
[BlackTeam "Syria"]
[WhiteTeamCountry "HON"]
[BlackTeamCountry "SYR"]
[TimeControl "40/5400+30:1800+30"]

1. e4 {(00:00)} c5 {(00:00)} 2. Nf3 {(01:00)} d6 {(
00:00)} 3. d4 {(00:33)} cxd4 {(00:00)} 4. Nxd4 {(00:21)}
Nf6 {(00:00)} 5. Nc3 {(01:05)} a6 {(00:06)} 6. g3 {
(01:45)} Bg4 {(10:45)} 7. Qd3 {(11:47)} Nc6 {(06:
56)} 8. Nxc6 {(02:48)} bxc6 {(00:08)} 9. Bg2 {(00:24)} e5
{(01:10)} 10. h3 {(03:49)} Be6 {(01:14)} 11. O-O {(
01:47)} d5 {(44:10)} 12. Bg5 {(15:11)} d4 {(02:59)} 13.
Ne2 {(00:38)} h6 {(04:55)} 14. Bd2 {(00:51)} c5 {(
05:30)} 15. f4 {(02:35)} c4 {(02:29)} 16. Qf3 {(00:20)}
Bc5 {(02:24)} 17. Kh2 {(00:25)} h5 {(00:28)} 18. fxe5 {
(04:38)} Ng4+ {(01:09)} 19. Kh1 {(00:23)} Nxe5 {(
04:21)} 20. Qf4 {(00:36)} f6 {(01:59)} 21. Rfd1 {(05:15)}
Qc8 {(01:37)} 22. Ba5 {(09:13)} Nc6 {(04:25)} 23. b4 {
(13:14)} cxb3 {(01:26)} 24. axb3 {(00:17)} Bxh3 {(
00:35)} 25. Ra4 {(06:49)} Bg4 {(02:19)} 26. Qf2 {(01:10)}
Nxa5 {(00:23)} 27. Rxa5 {(00:16)} Bb6 {(00:39)} 28. Ra2 {
(01:11)} Rb8 {(00:55)} 29. Qe1 {(00:55)} Qc7 {(00:
48)} 30. Rd3 {(00:17)} h4 {(00:26)} 31. Kg1 {(04:26)} hxg3
{(00:25)} 32. Nxg3 {(00:27)} f5 {(00:38)} 33. exf5+ {
(00:12)} Qe7 {(00:33)} 34. Qxe7+ {(00:32)} Kxe7 {(
00:05)} 35. Rxa6 {(00:14)} Kf6 {(00:30)} 36. Ra1 {(02:15)}
Bxf5 {(00:40)} 37. Rf1 {(00:39)} g6 {(00:28)} 38. Be4 {
(00:59)} Ke5 {(00:47)} 39. Bxf5 {(00:25)} gxf5 {(
00:04)} 40. Rxf5+ {(00:00)} Ke6 {(00:00)} 41. Rf2 {(07:02]
} Rhc8 {(07:07)} 42. Kg2 {(08:22)} Rg8 {(12:49)} 43. Kf1 {
(00:40)} Rbf8 {(04:22)} 44. Rxf8 {(03:08)} Rxf8+ {(
00:04)} 45. Ke2 {(00:08)} Ke5 {(02:45)} 46. Rf3 {(01:02)}
Rxf3 {(01:18)} 47. Kxf3 {(00:05)} d3 {(05:01)} 48. c3 {
(12:05)} Kd5 {(01:15)} 49. Nf1 {(01:33)} Ba5 {(00:
28)} 50. Ne3+ {(02:32)} Kc5 {(00:41)} 51. Nd1 {(01:38)}
Bxc3 {(00:22)} 52. Nxc3 {(00:05)} Kb4 {(00:05)} 53. Ke3 {
(00:11)} Kxc3 {(00:36)} 54. b4 {(00:18)} 0-1